 Dungeon Crawl Stone Soup version 0.29.1-1-gd02db6906a (webtiles) character file.

Game seed: 17360896570618529624

1920 Senryu the Gusty (level 9, -1/61 HPs)
             Began as a Human Air Elementalist on Oct 1, 2022.
             Was an Initiate of the Shining One.
             Slain by a steam dragon (8 damage)
             ... on level 6 of the Dungeon.
             The game lasted 00:47:09 (8863 turns).

Senryu the Gusty (Human Air Elementalist)           Turns: 8863, Time: 00:47:10

Health: -1/61      AC: -2    Str: 10    XL:     9   Next: 39%
Magic:  8/16       EV: 14    Int: 17    God:    the Shining One [......]
Gold:   461        SH:  0    Dex: 17    Spells: 1/18 levels left

rFire   . . .      SeeInvis +   w - +0 halberd (vorpal)
rCold   . . .      Faith    .   (shield currently unavailable)
rNeg    + . .      Spirit   .   a - +0 robe
rPois   .          Reflect  .   (no helmet)
rElec   +          Harm     .   g - scarf {repulsion}
rCorr   .          Rampage  .   (no gloves)
Will    .....                   (no boots)
Stlth   ++........              (no amulet)
HPRegen 0.20/turn               b - ring "Enkak" {rElec rC- rN+ Stlth+}
MPRegen 0.15/turn               p - ring "Camo" {*Corrode rC+ Int+2 SInv}

@: corroded, very slightly contaminated, glowing, repel missiles
A: no striking features
a: Renounce Religion


You were on level 6 of the Dungeon.
You worshipped the Shining One.
The Shining One was noncommittal.
You visited 1 branch of the dungeon, and saw 8 of its levels.
You also visited: Sewer.

You collected 461 gold pieces.

Inventory:

Hand Weapons
 w - a +0 vorpal halberd (weapon)
 y - a +0 sling of freezing
Armour
 a - a +0 robe (worn)
 g - a scarf of repulsion (worn)
Jewellery
 b - the ring "Enkak" (left hand) {rElec rC- rN+ Stlth+}
   (You acquired it on level 1 of the Dungeon)

   [ring of positive energy]

   rC:        It makes you vulnerable to cold.
   rElec:     It insulates you from electricity.
   rN:        It protects you from negative energy.
   Stlth:     It makes you more stealthy.
 c - a ring of ice
 e - a ring of willpower
 i - a +4 ring of evasion
 p - the ring "Camo" (right hand) {*Corrode rC+ Int+2 SInv}
   (You acquired it on level 4 of the Dungeon)

   [ring of protection from cold]

   Int:       It affects your intelligence (+2).
   rC:        It protects you from cold.
   SInv:      It lets you see invisible.
   *Corrode:  It may corrode you when you take damage.
 F - the ring "Biev Neu" {rF+ rN+ EV+4 Slay-4}
   (You found it on level 5 of the Dungeon)

   [ring of evasion]

   EV:        It affects your evasion (+4).
   Slay:      It affects your accuracy & damage with ranged weapons and melee
   (-4).
   rF:        It protects you from fire.
   rN:        It protects you from negative energy.
Wands
 q - a wand of light (1)
 z - a wand of charming (4)
 B - a wand of iceblast (17)
 E - a wand of mindburst (6)
Scrolls
 k - 2 scrolls of enchant weapon
 r - a scroll of summoning
 s - a scroll of poison
 t - a scroll of immolation
 A - 2 scrolls of teleportation {unknown}
 D - 2 scrolls of blinking {unknown}
 G - a scroll of enchant armour {unknown}
Potions
 d - 2 potions of haste {unknown}
 f - a potion of cancellation {unknown}
 h - 3 potions of attraction {unknown}
 j - a potion of brilliance {unknown}
 l - 8 potions of mutation {unknown}
 m - 4 potions of heal wounds {unknown}
 n - 3 potions of berserk rage
 o - 2 potions of degeneration {unknown}
 u - a potion of might {unknown}
 v - 2 potions of resistance {unknown}
 C - a potion of lignification


   Skills:
 * Level 1.7 Fighting
 * Level 0.2 Polearms
 * Level 3.6 Throwing
 * Level 3.9 Dodging
 * Level 3.7 Stealth
 * Level 1.7 Unarmed Combat
 * Level 5.0 Spellcasting
 * Level 3.5 Conjurations
 * Level 1.3 Translocations
 * Level 6.6 Air Magic
 * Level 1.4 Invocations
 * Level 2.8 Evocations


You had one spell level left.
You knew the following spells:

 Your Spells              Type           Power      Damage    Failure   Level
a - Shock                 Conj/Air       84%        1d8       1%          1
b - Static Discharge      Conj/Air       21%        3-6/arc   2%          2
c - Airstrike             Air            13%        2d(2-18)  10%         4
d - Manifold Assault      Tloc           8%         N/A       92%         5
e - Gell's Gravitas       Tloc           8%         N/A       24%         3
f - Blink                 Tloc           16%        N/A       12%         2

Your spell library contained the following spells:

 Spells                   Type           Power      Damage    Failure   Level
 Swiftness                Air            26%        N/A       2%          3
 Teleport Other           Tloc           8%         N/A       24%         3
 Dispersal                Tloc           4%         N/A       100%        6
 Storm Form               Tmut/Air       7%         N/A       100%        7


Dungeon Overview and Level Annotations

Branches:
Dungeon (8/15)             Temple (0/1) D:5           Sewer (visited)
   Lair: D:8-11

Altars:
Dithmenos
Gozag
Hepliaklqana
Qazlal
Ru
Sif Muna
Vehumet
Xom
The Shining One


Message History

The steam dragon is struck by an arc of lightning!
The steam dragon is moderately wounded.
You resist.
You are struck by an arc of lightning.
The lightning grounds out.
The steam dragon barely misses you. The steam dragon completely misses you.
You closely miss the steam dragon.
The steam dragon is moderately wounded.
The steam dragon completely misses you. The steam dragon claws you.
The steam dragon bites you. The steam dragon misses you.
You hit the steam dragon.
The steam dragon is heavily wounded.
The steam dragon breathes steam at you. The ball of steam hits you!
Unknown command.
Casting: Static Discharge (safe; 2% risk of failure)
Confirm with . or Enter, or press ? or * to list all spells.
The steam dragon is struck by an arc of lightning.
The steam dragon is severely wounded.
You resist.
You are struck by an arc of lightning.
The steam dragon is struck by an arc of lightning!
The steam dragon is almost dead.
You resist.
You are struck by an arc of lightning.
You are engulfed in a cloud of scalding steam.
Your corrosive artefact corrodes you!
The steam dragon barely misses you. The steam dragon claws you.
* * * LOW HITPOINT WARNING * * *
Casting: Static Discharge (safe; 2% risk of failure)
Confirm with . or Enter, or press ? or * to list all spells.
Aiming: Shock (safe; 1% risk of failure)
Press: ? - help, Shift-Dir - straight line, f/p - steam dragon
Aim: a steam dragon (almost dead, 74% to hit)
The zap misses the steam dragon.
You are engulfed in a cloud of scalding steam.
* * * LOW HITPOINT WARNING * * *
The steam dragon closely misses you. The steam dragon claws you.
* * * LOW HITPOINT WARNING * * *
You feel better.
You are engulfed in a cloud of scalding steam.
* * * LOW HITPOINT WARNING * * *
The steam dragon bites you!
You die...

. #...#...# ..#
#...###.#
....#####....#
.
..........##.#
####....#.....#
###..#.##..## .
##.#.###..#..#
#....##.....#
#..ยงยง@D.....(
#...##........
#...####..._...
....... .......
..##... .......
#.. ###.
#.....# #. #.
..#..# .###..


You could see a steam dragon.

Vanquished Creatures
  A water moccasin (D:7)
  2 sky beasts (D:7)
  3 black bears
  An ogre (D:5)
  A phantom (D:3)
  2 kobold brigands (Sewer)
  3 bullfrogs
  2 gnoll sergeants (D:6)
  2 scorpions
  2 hounds
  2 orc priests
  An iguana (D:6)
  2 orc wizards
  A mummy (D:5)
  14 gnolls
  4 river rats (Sewer)
  9 adders
  An ufetubus (D:5)
  3 worms
  2 dart slugs (D:2)
  13 orcs
  4 bats
  7 endoplasms
  8 giant cockroaches
  10 goblins
  9 hobgoblins
  8 quokkas
  14 ball pythons
  4 frilled lizards
  A hobgoblin zombie (D:5)
  23 kobolds
  3 kobold zombies (D:5)
  24 rats
  A spectral orc (D:5)
187 creatures vanquished.

Notes
Turn   | Place    | Note
-------+----------+-------------------------------------------
     0 | D:1      | Senryu the Human Air Elementalist began the quest for the
                  | Orb.
     0 | D:1      | Reached XP level 1. HP: 13/13 MP: 3/3
    83 | D:1      | Reached XP level 2. HP: 13/19 MP: 0/5
    86 | D:1      | Learned a level 2 spell: Static Discharge
   300 | D:1      | Identified a scroll of acquirement
   300 | D:1      | Acquired the ring "Enkak" {rElec rC- rN+ Stlth+}
   534 | D:3      | Reached XP level 3. HP: 16/24 MP: 2/6
   738 | D:3      | Found a faded altar of an unknown god.
   918 | D:3      | Reached skill level 4 in Air Magic
   960 | D:3      | Noticed a phantom
   985 | D:3      | Killed a phantom
   986 | D:3      | Reached XP level 4. HP: 25/30 MP: 1/7
   986 | D:3      | Reached XP level 5. HP: 29/35 MP: 1/8
  1141 | D:3      | Learned a level 4 spell: Airstrike
  1218 | D:4      | Reached skill level 1 in Throwing
  1370 | D:4      | Noticed a black bear
  1376 | D:4      | Killed a black bear
  1377 | D:4      | Reached XP level 6. HP: 41/41 MP: 0/10
  1481 | D:5      | Entered Level 5 of the Dungeon
  1539 | D:5      | Noticed an ogre
  1550 | D:5      | Killed an ogre
  1573 | D:5      | Found a glowing drain.
  1584 | Sewer    | Entered a sewer
  1759 | Sewer    | HP: 2/41 [/static electricity (1)]
  1760 | Sewer    | Reached XP level 7. HP: 3/46 MP: 1/11
  2177 | Sewer    | Reached skill level 5 in Air Magic
  2584 | Sewer    | Reached skill level 1 in Evocations
  2963 | D:4      | Acquired the ring "Camo" {*Corrode rC+ Int+2 SInv}
  2977 | D:4      | Learned a level 5 spell: Manifold Assault
  3374 | D:4      | Found an opulent altar of Gozag.
  3382 | D:4      | Found a shimmering blue altar of Sif Muna.
  3416 | D:4      | Found a shimmering altar of Xom.
  3421 | D:4      | Found a glowing golden altar of the Shining One.
  3426 | D:4      | Found a radiant altar of Vehumet.
  3436 | D:4      | Reached XP level 8. HP: 53/53 MP: 13/13
  3439 | D:4      | Found a sacrificial altar of Ru.
  3531 | D:4      | Became a worshipper of the Shining One
  6651 | D:5      | You fall into a shaft and drop 3 floors!
  6861 | D:7      | Reached skill level 1 in Unarmed Combat
  7039 | D:7      | Reached skill level 1 in Fighting
  7039 | D:7      | Reached skill level 6 in Air Magic
  7133 | D:7      | Reached skill level 1 in Translocations
  7133 | D:7      | Reached skill level 1 in Invocations
  7133 | D:7      | Reached XP level 9. HP: 59/59 MP: 10/15
  7265 | D:6      | Found a stormy altar of Qazlal.
  7344 | D:6      | Learned a level 3 spell: Gell's Gravitas
  7350 | D:5      | Identified the ring "Biev Neu" {rF+ rN+ EV+4 Slay-4}
  7352 | D:5      | Found a staircase to the Ecumenical Temple.
  7896 | D:5      | Found a hazy altar of Hepliaklqana.
  7932 | D:5      | Learned a level 2 spell: Blink
  8564 | D:6      | Reached skill level 5 in Spellcasting
  8851 | D:6      | Found a shadowy altar of Dithmenos.
  8863 | D:6      | Slain by a steam dragon

Illustrated notes

Levels and vault maps discovered:
D:1:      mushboom_english_gardens, layout_loops_corners, minmay_surrounded
D:2:      layout_rooms, nicolae_figureground_pulse
D:3:      layout_basic, hellmonk_ecumenical_altar_pennies_from_heaven,
          chequers_serial_rivers_micro_d
D:4:      minmay_spotlight, layout_basic, nicolae_overflow_hallway_of_the_gods
D:5:      layout_loops_cross, nicolae_hepliaklqana_monster_ancestors,
          minmay_temple_entry_butterflies, portal_sewer_entry_f,
          minmay_mini_ossuary
D:6:      layout_layer_cave, amcnicky_altar_gilded,
          nicolae_dithmenos_shadow_blocks, minmay_shop_grid_forest
D:7:      layout_gridville
D:8:      layout_loops_corners, erik_lair_island, due_unseen_surprise

Skill      XL: |  1  2  3  4  5  6  7  8  9 |
---------------+----------------------------+-----
Air Magic      | 4 5 6 |  6.6
Throwing       | 1 2 3 |  3.6
Conjurations   | 2 3 |  3.5
Spellcasting   | 3 4 5 |  5.0
Dodging        | 3 |  3.9
Evocations     | 1 2 |  2.8
Stealth        | 3 |  3.7
Unarmed Combat | 1 |  1.7
Fighting       | 1 |  1.7
Translocations | 1 |  1.3
Invocations    | 1 |  1.4
Polearms       | |  0.2

Action                   |  1- 3 |  4- 6 |  7- 9 || total
-------------------------+-------+-------+-------++-------
Melee: Unarmed           |     7 |       |    26 ||    33
       Halberd           |       |       |     6 ||     6
       Punch             |       |       |     1 ||     1
Throw: Boomerang         |     2 |    31 |    21 ||    54
       Dart              |       |       |     5 ||     5
       Throwing net      |       |       |     1 ||     1
 Cast: Shock             |    11 |     2 |    21 ||    34
       Static Discharge  |    17 |    15 |    68 ||   100
       Airstrike         |       |     3 |    48 ||    51
       Gell's Gravitas   |       |       |     3 ||     3
Evoke: Wand              |       |     5 |    19 ||    24
  Use: Potion            |     4 |     1 |     2 ||     7
       Scroll            |     3 |       |    11 ||    14
Armor: Robe              |     3 |     1 |     8 ||    12
       Skin              |     4 |       |    21 ||    25
Dodge: Dodged            |    31 |    18 |    83 ||   132
